 Dungeon Crawl Stone Soup version 0.21.0-3-g78d12a8 (webtiles) character file.

520 Larett the Chopper (level 7, -2/52 HPs)
             Began as a Demonspawn Berserker on Jan 9, 2018.
             Was a Believer of Trog.
             Slain by an ogre
             ... wielding a +0 giant club
              (3 damage)
             ... on level 4 of the Dungeon.
             The game lasted 00:11:04 (4934 turns).

Larett the Chopper (Demonspawn Berserker)           Turns: 4934, Time: 00:11:05

Health: -2/52      AC:  3    Str: 17    XL:     7   Next: 1%
Magic:  7/7        EV: 12    Int:  8    God:    Trog [**....]
Gold:   139        SH:  0    Dex: 15    Spells: 6/6 levels left

rFire    + + .     SeeInvis .   a - +4 short sword
rCold    . . .     Gourm    .   (no shield)
rNeg     . . .     Faith    .   D - +0 robe {rF+}
rPois    .         Spirit   .   u - +0 helmet
rElec    .         Reflect  .   (no cloak)
rCorr    .         Harm     .   (no gloves)
MR       +++..                  (no boots)
Stlth    ++++++....             (no amulet)
HPRegen  1.17/turn              x - ring of stealth
MPRegen  0.10/turn              m - ring of protection from magic

@: starving, regenerating
A: talons 2, fire resistance 1, nightstalker 2
a: Berserk, Trog's Hand, Burn Spellbooks, Renounce Religion


You were on level 4 of the Dungeon.
You worshipped Trog.
Trog was pleased with you.
You were starving.

You visited 2 branches of the dungeon, and saw 5 of its levels.

You collected 139 gold pieces.

Inventory:

Hand Weapons
 a - a +4 short sword (weapon)
 j - a +0 hand axe
Missiles
 k - 102 stones (quivered)
 o - 8 tomahawks
 w - 61 arrows
 E - 21 bolts
 R - 3 javelins
Armour
 u - a +0 helmet (worn)
 D - a +0 robe of fire resistance (worn)
Jewellery
 m - a ring of protection from magic (right hand)
 x - a ring of stealth (left hand)
Wands
 P - a wand of paralysis (8)
Scrolls
 e - 2 scrolls of remove curse
 g - a scroll of enchant armour {unknown}
 i - a scroll of identify {unknown}
 n - a scroll of enchant weapon
 v - a scroll of noise {unknown}
 y - a scroll of blinking {unknown}
 T - 2 scrolls of teleportation
 U - a scroll of amnesia {unknown}
Potions
 p - a potion of cancellation {unknown}
 s - a potion of resistance {unknown}
 z - 2 potions of agility {unknown}
 A - a potion of berserk rage {unknown}
 C - 2 potions of brilliance {unknown}
 Q - a potion of lignification {unknown}
 S - 2 potions of invisibility {unknown}
 V - a potion of curing {unknown}
 X - a potion of flight {unknown}
 Y - 2 potions of haste {unknown}
 Z - a potion of degeneration {unknown}
Comestibles
 c - 10 rations


   Skills:
 - Level 3.0 Fighting
 + Level 6.3 Axes
 - Level 1.7 Armour
 - Level 1.7 Dodging
 + Level 3.7 Stealth


You had 6 spell levels left.
You didn't know any spells.

Dungeon Overview and Level Annotations

Branches:
Dungeon (4/15)             Temple (1/1) D:4

Altars:
Okawaru

Annotations:
D:4 Sigmund


Innate Abilities, Weirdness & Mutations

You have razor-sharp toenails.
Your flesh is heat resistant. (rF+)
You are significantly more attuned to the shadows.


Message History

The ogre barely misses you.
You hit the ogre but do no damage. Your kick misses the ogre.
The ogre is lightly wounded.
Something hits you.
You hit the ogre but do no damage. Your kick misses the ogre.
The ogre is lightly wounded.
The ogre completely misses you. Something hits you!
You hit the ogre. You claw the ogre, but do no damage.
The ogre is moderately wounded.
The ogre hits you with a giant club!!
You puncture the ogre!
The ogre is heavily wounded.
Something hits you. The ogre hits you with a giant club!!
* * * LOW HITPOINT WARNING * * *
You hit the ogre.
The ogre is severely wounded.
Something hits you.
* * * LOW HITPOINT WARNING * * *
The ogre hits you with a giant club.
You die...

#.##......# ######.#.## ##.##
#.........# #.#..###..# #
.##..####.###########.##.....####
.....#.............)..#.#####>...
.##.........########..##.###.####
.##.......#.# #..###.#.## #
.##....[..#.# #####..# ##.##
#####....##.# #......######
#.##.##.# #@###.....# #.##.##.#
#O# #####.# #.......#.......# #.#
####.####.......# #.# #.#
#....../# #.# #.# #.....(.# #.#
###.# #.......# #.# #...# #.###
#.### #...#


You could see an ogre.

Vanquished Creatures
  The ghost of THUG4L1F3 the Covered, an amateur TeWn (D:4)
  3 orc priests
  Jessica (D:2)
  4 worker ants
  Robin (D:2)
  9 adders
  5 worms
  2 dart slugs (D:2)
  4 leopard geckos
  10 orcs
  2 giant cockroaches
  10 goblins
  3 hobgoblins
  3 jackals (D:4)
  2 quokkas (D:3)
  10 bats
  8 frilled lizards
  3 kobolds
  A quokka skeleton (D:4)
  9 rats
  A butterfly (D:4)
92 creatures vanquished.

Vanquished Creatures (others)
  A bat (D:2)
1 creature vanquished.

Grand Total: 93 creatures vanquished

Notes
Turn   | Place    | Note
-------+----------+-------------------------------------------
     0 | D:1      | Larett the Demonspawn Berserker began the quest for the Orb.
     0 | D:1      | Reached XP level 1. HP: 18/18 MP: 1/1
   251 | D:1      | Reached skill level 3 in Axes
   416 | D:1      | Gained mutation: You are slightly more attuned to the shadows. [demonic ancestry]
   416 | D:1      | Reached XP level 2. HP: 22/24 MP: 2/2
  1176 | D:2      | Reached XP level 3. HP: 29/29 MP: 3/3
  1179 | D:2      | Noticed Jessica
  1183 | D:2      | Killed Jessica
  1183 | D:2      | Reached skill level 4 in Axes
  1190 | D:2      | Gained mutation: You are significantly more attuned to the shadows. [demonic ancestry]
  1190 | D:2      | Reached XP level 4. HP: 35/35 MP: 4/4
  1556 | D:2      | Noticed Robin
  1562 | D:2      | Reached ** piety under Trog
  1570 | D:2      | Killed Robin
  1584 | D:2      | Reached skill level 5 in Axes
  1586 | D:2      | HP: 6/52 [goblin/club[Robin] (2)]
  2341 | D:3      | Gained mutation: Your flesh is heat resistant. (rF+) [demonic ancestry]
  2341 | D:3      | Reached XP level 5. HP: 35/41 MP: 5/5
  2587 | D:3      | Reached skill level 1 in Stealth
  2743 | D:3      | Found an iron altar of Okawaru.
  3909 | D:4      | Found a staircase to the Ecumenical Temple.
  3916 | Temple   | Entered the Ecumenical Temple
  4043 | D:4      | Gained mutation: You have sharp toenails. [demonic ancestry]
  4043 | D:4      | Reached XP level 6. HP: 44/47 MP: 6/6
  4373 | D:4      | Reached skill level 6 in Axes
  4373 | D:4      | Reached skill level 3 in Stealth
  4410 | D:4      | Noticed THUG4L1F3's ghost (amateur TeWn)
  4522 | D:4      | Killed THUG4L1F3's ghost
  4648 | D:4      | Gained mutation: You have razor-sharp toenails. [demonic ancestry]
  4648 | D:4      | Reached XP level 7. HP: 33/52 MP: 7/7
  4925 | D:4      | Noticed Sigmund
  4933 | D:4      | HP: 3/52 [ogre/giant club (18)]
  4934 | D:4      | HP: 1/52 [something (3)]
  4934 | D:4      | Slain by an ogre

Skill      XL: |  1  2  3  4  5  6 |
---------------+-------------------+-----
Axes           | 3 4 5 6 |  6.3
Stealth        | 2 3 |  3.7
Fighting       | |  3.0
Armour         | |  1.7
Dodging        | |  1.7

Action                   |  1- 3 |  4- 6 |  7- 9 || total
-------------------------+-------+-------+-------++-------
Melee: Hand axe          |    88 |       |       ||    88
       Short sword       |       |   209 |     7 ||   216
       Kick              |       |    10 |     1 ||    11
Invok: Berserk           |     1 |     4 |       ||     5
       Trog's Hand       |       |     3 |     1 ||     4
  Use: Potion            |       |     1 |       ||     1
       Scroll            |       |     3 |       ||     3
 Stab: Sleeping          |       |    24 |       ||    24
  Eat: Chunk             |     1 |    15 |       ||    16
Armor: Chain mail        |    37 |       |       ||    37
       Animal skin       |     6 |       |       ||     6
       Leather armour    |       |    20 |       ||    20
       Robe              |       |    16 |       ||    16
Dodge: Dodged            |    59 |   114 |     4 ||   177
